 Dungeon Crawl Stone Soup version 0.21-a0-472-g223bcb9 (webtiles) character file.

126 slep the Slasher (level 4, -1/37 HPs)
             Began as a Demonspawn Monk on Nov 21, 2017.
             Slain by a worker ant (5 damage)
             ... on level 4 of the Dungeon.
             The game lasted 00:06:16 (1720 turns).

slep the Slasher (Demonspawn Monk)                  Turns: 1720, Time: 00:06:17

Health: -1/37      AC:  8    Str: 12    XL:     4   Next: 83%
Magic:  4/4        EV: 10    Int: 11    God:
Gold:   184        SH:  0    Dex: 16    Spells: 3/3 levels left

rFire    . . .     SeeInvis .   a - +0 falchion
rCold    . . .     Gourm    .   (no shield)
rNeg     . . .     Faith    .   i - +0 scale mail
rPois    .         Spirit   .   (helmet restricted)
rElec    .         Reflect  .   (no cloak)
rCorr    .         Harm     .   (no gloves)
MR       .....                  p - +0 pair of boots
Stlth    +.........             (no amulet)
HPRegen  0.12/turn              h - +1 ring of protection
MPRegen  0.09/turn              (no ring)

@: lethally poisoned (-1 -> -15)
A: horns 2
a: no special abilities


You were on level 4 of the Dungeon.
You were hungry.

You visited 1 branch of the dungeon, and saw 4 of its levels.

You collected 184 gold pieces.

Inventory:

Hand Weapons
 a - a +0 falchion (weapon)
Missiles
 l - 5 needles of confusion
Armour
 b - a +0 robe
 i - a +0 scale mail (worn)
 p - a +0 pair of boots (worn)
Magical Staves
 n - an uncursed staff of air {unknown}
Jewellery
 h - a +1 ring of protection (left hand)
 o - an uncursed ring of stealth {unknown}
Scrolls
 e - a scroll of enchant weapon {unknown}
 f - 5 scrolls of identify {unknown}
 g - 4 scrolls of teleportation {unknown}
 j - a scroll of amnesia {unknown}
 m - a scroll of immolation {unknown}
Potions
 d - a potion of degeneration {unknown}
 k - a potion of curing {unknown}
Comestibles
 c - a bread ration


   Skills:
 + Level 3.6 Fighting
 + Level 3.8 Long Blades
 + Level 1.3 Armour
 + Level 3.1 Dodging
 + Level 2.1 Stealth


You had 3 spell levels left.
You didn't know any spells.

Dungeon Overview and Level Annotations

Branches:
Dungeon (4/15)
 Temple: D:4-7

Altars:
Makhleb
Yredelemnul

Annotations:
D:3 slep's ghost, amateur DsMo


Innate Abilities, Weirdness & Mutations

You have a pair of horns on your head.


Message History

The worker ant bites you.
You are poisoned.
The worker ant poisons you!
Your scale mail prevents you from hitting the worker ant.
Your headbutt misses the worker ant.
You feel sick. The worker ant bites you.
You closely miss the worker ant.
You feel sick. The worker ant bites you.
You are more poisoned.
The worker ant poisons you!
You barely miss the worker ant.
You feel sick. The worker ant completely misses you. The worker ant bites you.
You hit the worker ant.
The worker ant is lightly wounded.
* * * LOW HITPOINT WARNING * * *
You feel sick. The worker ant bites you.
* * * LOW HITPOINT WARNING * * *
You hit the worker ant.
The worker ant is moderately wounded.
* * * LOW HITPOINT WARNING * * *
You feel sick. The worker ant bites you.
You die...

#>. #.# #.#
#.#######
#........
#..........#
..
#.a........##.
#@# #. ......#
#.# #.##.....#
#.# ........#
#.# #......#
#.# #......#
#.# #......#
#.#.###..#'###
#.#.....<#.#
#)########.#


You could see a worker ant.

Vanquished Creatures
  A crimson imp (D:2)
  An iguana (D:2)
  An adder (D:4)
  2 dart slugs
  4 leopard geckos
  A giant cockroach (D:2)
  6 goblins
  5 hobgoblins
  2 quokkas (D:2)
  7 bats
  5 frilled lizards (D:2)
  7 kobolds
  6 rats
48 creatures vanquished.

Notes
Turn   | Place    | Note
-------+----------+-------------------------------------------
     0 | D:1      | slep the Demonspawn Monk began the quest for the Orb.
     0 | D:1      | Reached XP level 1. HP: 18/18 MP: 1/1
   196 | D:1      | Gained mutation: You have a pair of small horns on your head. [demonic ancestry]
   196 | D:1      | Reached XP level 2. HP: 17/24 MP: 2/2
   828 | D:2      | Found a basalt altar of Yredelemnul.
   864 | D:2      | Gained mutation: You have a pair of horns on your head. [demonic ancestry]
   864 | D:2      | Reached XP level 3. HP: 22/29 MP: 3/3
  1068 | D:2      | Found a burning altar of Makhleb.
  1095 | D:2      | Reached XP level 4. HP: 31/35 MP: 4/4
  1179 | D:2      | Reached skill level 1 in Armour
  1618 | D:3      | Noticed slep's ghost (amateur DsMo)
  1720 | D:4      | Slain by a worker ant

Vault maps used:
D:1:      eino_arrival_cavern_b
D:2:      yredelemnul_altar_generic, makhleb_grotto_becter
D:3:      fedhas_altar_1, vehumet_crystals, nicolae_underground_beach
D:4:      lemuel_round_altar, uniq_ijyb, uniq_grinder

Skill      XL: |  1  2  3  4 |
---------------+-------------+-----
Long Blades    | 3 |  3.8
Dodging        | 3 |  3.1
Stealth        | 2 |  2.1
Armour         | 1 |  1.3
Fighting       | |  3.6

Action                   |  1- 3 |  4- 6 || total
-------------------------+-------+-------++-------
Melee: Falchion          |   116 |    40 ||   156
       Headbutt          |    12 |     9 ||    21
 Stab: Sleeping          |     2 |       ||     2
       Distracted        |     1 |       ||     1
  Eat: Chunk             |       |     2 ||     2
Armor: Robe              |     2 |       ||     2
       Scale mail        |    59 |    13 ||    72
Dodge: Dodged            |    65 |    20 ||    85
       Rpst.: Falchion   |    17 |     6 ||    23

Table legend:
 A = Spawn XP
 B = Non-spawn XP
 C = Spawn XP percentage of total XP
 D = Spawn monster count
 E = Non-spawn monster count
 F = Spawn count percentage of total count
 G = Total turns spent on level
                    A         B        C        D         E        F      G
               +---------+---------+-------+---------+---------+-------+---------
         Total |       0 |     180 |   0.0 |       0 |      48 |   0.0 |  1720
               +---------+---------+-------+---------+---------+-------+---------
           D:1 |       0 |      27 |   0.0 |       0 |      16 |   0.0 |   793
           D:2 |       0 |     135 |   0.0 |       0 |      30 |   0.0 |   825
           D:3 |       0 |       4 |   0.0 |       0 |       1 |   0.0 |    57
           D:4 |       0 |      14 |   0.0 |       0 |       1 |   0.0 |    45
               +---------+---------+-------+---------+---------+-------+---------
